 Dungeon Crawl Stone Soup version 0.29-a0-838-g385bb11a5b (webtiles) character file.

Game seed: 5061397318901000265

12935 Hubris850 the Covert (level 12, -4/96 HPs)
             Began as a Gnoll Ice Elementalist on July 13, 2022.
             Was a High Priest of Ashenzari.
             Slain by a komodo dragon (18 damage)
             ... on level 2 of the Lair of Beasts.
             The game lasted 00:46:04 (13301 turns).

Hubris850 the Covert (Gnoll Ice Elementalist)      Turns: 13301, Time: 00:46:05

Health: -4/96      AC: 11    Str:  7    XL:     12   Next: 0%
Magic:  25/27      EV: 15    Int: 21    God:    Ashenzari [*****.]
Gold:   522        SH:  6    Dex: 12    Spells: 15/33 levels left

rFire   + . .      SeeInvis +   a - +2 war axe of Ashenzari's Suspicion {venom, Alch, Range} (curse)
rCold   . . .      Faith    .   n - +0 buckler "Eternal With Me" {Melee, Self} (curse)
rNeg    . . .      Spirit   .   p - +2 leather armour of Ashenzari's Omen {rF+, Melee, Elem} (curse)
rPois   +          Reflect  .   C - +0 helmet of Ashenzari's Dogma {Cun, Fort} (curse)
rElec   .          Harm     .   X - scarf {shadows}
rCorr   .          Rampage  .   y - +0 pair of gloves of Supernal Wisdom {Alch, Cun} (curse)
Will    +....      Clarity  +   A - +1 pair of boots of the Revealing Urgency {Fort, Bglg} (curse)
Stlth   +++++.....              (no amulet)
HPRegen 0.26/turn               g - ring of Toth-Mos's Legacy {Will+, Bglg, Melee} (curse)
MPRegen 0.20/turn               I - ring of the Eternal Augur {rPois, Comp, Range} (curse)

@: studying Stealth
A: fangs 1, strong nose, distributed training
a: Renounce Religion, Curse Item, Shatter the Chains


You were on level 2 of the Lair of Beasts.
You worshipped Ashenzari.
Ashenzari was extremely pleased with you.
You visited 3 branches of the dungeon, and saw 13 of its levels.

You collected 522 gold pieces.

Inventory:

Hand Weapons
 a - the cursed +2 war axe of Ashenzari's Suspicion (weapon) {venom, Alch, Range}
   (You found it on level 5 of the Dungeon)

   It poisons the flesh of those it strikes.
   It has a curse which improves the following skills: Alchemy: Poison Magic and
   Transmutations.
   Ranged Combat: Ranged Weapons and Throwing.
 b - a +0 sling
 c - a +0 dagger
 d - a +0 whip
 k - a +1 flail of protection
 B - a +5 club
 E - a +2 shortbow of flaming
 J - a +0 battleaxe of electrocution
 M - a +5 flail
 P - a +4 long sword
 U - a +0 whip of electrocution
 V - a +1 whip of electrocution
Missiles
 i - 9 poisoned darts (quivered)
 D - a throwing net
Armour
 e - a +0 ring mail
 n - the cursed +0 buckler "Eternal With Me" (worn) {Melee, Self}
   (You found it on level 4 of the Dungeon)

   It has a curse which improves the following skills: Melee Combat: Short
   Blades, Long Blades, Axes, Maces & Flails, Polearms, Staves and Unarmed
   Combat.
   Introspection: Fighting and Spellcasting.
 p - the cursed +2 leather armour of Ashenzari's Omen (worn) {rF+, Melee, Elem}
   (You took it off an orc on level 5 of the Dungeon)

   It has a curse which improves the following skills: Melee Combat: Short
   Blades, Long Blades, Axes, Maces & Flails, Polearms, Staves and Unarmed
   Combat.
   Elements:  Fire Magic, Ice Magic, Air Magic and Earth Magic.
 r - a +0 robe
 t - a +1 robe of willpower
 u - the +1 robe "Dakoot" {Rampage Int+6 Slay-2 Stlth-}
   (You found it on level 6 of the Dungeon)

   Int:       It affects your intelligence (+6).
   Slay:      It affects your accuracy & damage with ranged weapons and melee
   (-2).
   Rampage:   It bestows one free step when moving towards enemies.
   Stlth:     It makes you less stealthy.
 y - the cursed +0 pair of gloves of Supernal Wisdom (worn) {Alch, Cun}
   (You found it on level 5 of the Dungeon)

   It has a curse which improves the following skills: Alchemy: Poison Magic and
   Transmutations.
   Cunning:   Dodging and Stealth.
 A - the cursed +1 pair of boots of the Revealing Urgency (worn) {Fort, Bglg}
   (You found it on level 2 of the Dungeon)

   It has a curse which improves the following skills: Fortitude: Armour and
   Shields.
   Beguiling: Conjurations, Hexes and Translocations.
 C - the cursed +0 helmet of Ashenzari's Dogma (worn) {Cun, Fort}
   (You took it off Robin on level 2 of the Dungeon)

   It has a curse which improves the following skills: Cunning: Dodging and
   Stealth.
   Fortitude: Armour and Shields.
 F - a +0 troll leather armour
 H - +0 steam dragon scales
 S - the +3 ring mail of Jagynn {Str-3 Int+4 Dex+4 SInv}
   (You found it on level 8 of the Dungeon)

   Str:       It affects your strength (-3).
   Int:       It affects your intelligence (+4).
   Dex:       It affects your dexterity (+4).
   SInv:      It lets you see invisible.
 X - a scarf of shadows (worn)
Magical Staves
 K - a staff of death
Jewellery
 g - the cursed ring of Toth-Mos's Legacy (left hand) {Will+, Bglg, Melee}
   (You found it on level 3 of the Dungeon)

   [ring of willpower]

   Will:      It increases your willpower.
   It has a curse which improves the following skills: Beguiling: Conjurations,
   Hexes and Translocations.
   Melee Combat: Short Blades, Long Blades, Axes, Maces & Flails, Polearms,
   Staves and Unarmed Combat.
 G - the ring of Satih {rF+ Will+}
   (You found it on level 7 of the Dungeon)

   [ring of protection from fire]

   rF:        It protects you from fire.
   Will:      It increases your willpower.
 I - the cursed ring of the Eternal Augur (right hand) {rPois, Comp, Range}
   (You found it on level 8 of the Dungeon)

   [ring of poison resistance]

   rPois:     It protects you from poison.
   It has a curse which improves the following skills: Companions: Summonings
   and Necromancy.
   Ranged Combat: Ranged Weapons and Throwing.
 W - an amulet of guardian spirit
Wands
 s - a wand of mindburst (4)
 O - a wand of digging (1)
Scrolls
 h - 3 scrolls of teleportation
 o - 4 scrolls of immolation
 v - 3 scrolls of blinking
 z - 2 scrolls of fear
 L - a scroll of summoning
 Q - a scroll of amnesia
 T - a scroll of fog
 Z - 2 scrolls of poison
Potions
 f - 3 potions of resistance
 j - 3 potions of heal wounds
 l - 7 potions of curing
 m - a potion of invisibility
 q - 6 potions of haste
 w - a potion of magic
 x - 2 potions of mutation
 N - 2 potions of lignification
 R - a potion of ambrosia
 Y - a potion of flight


   Skills:
 + Level 7.1(9.4) Fighting
 + Level 7.1(11.6) Short Blades
 + Level 7.1(11.6) Long Blades
 + Level 7.1(11.6) Axes
 + Level 7.1(11.6) Maces & Flails
 + Level 7.1(11.6) Polearms
 + Level 7.1(11.6) Staves
 + Level 7.1(10.6) Ranged Weapons
 + Level 7.1(10.6) Throwing
 + Level 7.1(10.6) Armour
 + Level 8.5(12.0) Dodging
 + Level 10.4(13.9) Stealth
 + Level 7.1(10.6) Shields
 + Level 7.1(11.6) Unarmed Combat
 + Level 8.8(11.1) Spellcasting
 + Level 5.9(9.3) Conjurations
 + Level 5.9(9.3) Hexes
 + Level 5.9(8.2) Summonings
 + Level 5.9(8.2) Necromancy
 + Level 5.9(9.3) Translocations
 + Level 5.9(9.3) Transmutations
 + Level 5.9(8.2) Fire Magic
 + Level 9.3(11.6) Ice Magic
 + Level 5.9(8.2) Air Magic
 + Level 5.9(8.2) Earth Magic
 + Level 5.9(9.3) Poison Magic
 + Level 7.7 Invocations
 + Level 7.1 Evocations


You had 15 spell levels left.
You knew the following spells:

 Your Spells              Type           Power      Damage    Failure   Level
a - Olgreb's Toxic Radia  Pois           50%        N/A       1%          4
b - Frozen Ramparts       Ice            100%       1d12      1%          3
c - Ozocubu's Armour      Ice            57%        N/A       1%          3
d - Fulminant Prism       Conj/Hex       25%        3d14      1%          4
e - Airstrike             Air            23%        0-8+      3%          4

Your spell library contained the following spells:

 Spells                   Type           Power      Damage    Failure   Level
 Apportation              Tloc           100%       N/A       1%          1
 Freeze                   Ice            100%       1d11      1%          1
 Necrotise                Necr           100%       1d9       1%          1
 Shock                    Conj/Air       100%       1d9       1%          1
 Slow                     Hex            100%       N/A       1%          1
 Sting                    Tmut/Pois      100%       1d8       1%          1
 Poisonous Vapours        Pois/Air       96%        N/A       1%          2
 Confusing Touch          Hex            50%        N/A       1%          3
 Swiftness                Air            46%        N/A       1%          3
 Vampiric Draining        Necr           46%        2d9       1%          3
 Hailstorm                Conj/Ice       54%        3d12      1%          4
 Iskenderun's Mystic Bla  Conj/Tloc      50%        2d11      1%          4
 Alistair's Intoxication  Tmut/Pois      33%        N/A       5%          5
 Agony                    Necr           46%        N/A       9%          5
 Lee's Rapid Deconstruct  Erth           23%        3d14*     9%          5


Dungeon Overview and Level Annotations

Branches:
Dungeon (10/15)            Temple (1/1) D:6            Lair (2/6) D:8
  Swamp (0/4) Lair:2       Spider (0/4) Lair:2
    Orc: D:9-12

Altars:
Ashenzari
Cheibriados
Dithmenos
Elyvilon
Gozag
Hepliaklqana
Kikubaaqudgha
Okawaru
Qazlal
Ru
Sif Muna
Trog
Vehumet
Xom
Yredelemnul
Zin
The Shining One

Shops:
D:8 :


Innate Abilities, Weirdness & Mutations

You have very sharp teeth.
Your uncanny sense of smell can sniff out nearby items.
Your experience applies equally to all skills.


Message History

The komodo dragon is poisoned.
The komodo dragon looks even sicker.
The komodo dragon looks even sicker.
Your toxic aura wanes.
You hit the komodo dragon.
The komodo dragon looks as sick as possible!
The komodo dragon is moderately wounded.
The komodo dragon bites you!
You hit the komodo dragon.
The komodo dragon looks as sick as possible!
You bite the komodo dragon, but do no damage.
The komodo dragon is moderately wounded.
You block the komodo dragon's attack.
You closely miss the komodo dragon.
You bite the komodo dragon, but do no damage.
The komodo dragon is heavily wounded.
The komodo dragon bites you!
You closely miss the komodo dragon.
The komodo dragon is heavily wounded.
The komodo dragon bites you!
You hit the komodo dragon.
The komodo dragon looks as sick as possible!
The komodo dragon is heavily wounded.
The komodo dragon closely misses you.
You hit the komodo dragon.
The komodo dragon looks as sick as possible!
The komodo dragon is severely wounded.
The komodo dragon bites you!!
* * * LOW HITPOINT WARNING * * *
You hit the komodo dragon but do no damage.
The komodo dragon looks as sick as possible!
The komodo dragon is severely wounded.
The komodo dragon misses you.
You hit the komodo dragon.
The komodo dragon is almost dead.
The komodo dragon barely misses you.
You completely miss the komodo dragon.
You bite the komodo dragon, but do no damage.
The komodo dragon is almost dead.
The komodo dragon bites you!!
You die...

....#...###...###......
,, ,
..#..†#####..P##...... ,
* ..###..###...####...#
*,,,
...#..###..........## * *
.......÷...≈≈≈≈÷...### *
** ....#####††♣♣♣♣♣....P#
..#######.♣♣♣♣♣♣♣.#..# *
...#####..♣♣§≈≈♣♣....# **
..### ##..♣§§§≈l@.#[.#..*
* * ..##
#####♣§§§≈♣♣.#.#.#. *** *
...#######♣♣≈♣≈♣♣.......
,,,
..#######♣♣♣♣♣♣♣........,
* , ,
.######.........†.....##,
*,
.##P#P..P###.#.##...#.#*
**,,,,
........########..?..##
,, ,
......###..#####......# *
, .#.<.....##* #.....##
**,,, ,,


You could see a komodo dragon (extremely poisoned).

Vanquished Creatures
  2 hydras (Lair:1)
  2 cane toads (Lair:2)
  A komodo dragon (Lair:1)
  A polar bear (Lair:1)
  A troll (D:7)
  A tarantella (Lair:2)
  5 blink frogs (Lair:2)
  3 wyverns
  4 steam dragons
  A basilisk (D:8)
  17 yaks
  2 acid dragons
  A swamp worm (Lair:2)
  8 water moccasins
  An orc warrior (D:10)
  A black bear (Lair:1)
  An ice beast (D:6)
  A sky beast (D:7)
  9 wolves
  An ogre (D:5)
  5 centaurs
  A kobold brigand (D:7)
  A gnoll sergeant (D:9)
  6 bullfrogs
  2 scorpions
  13 wights
  9 killer bees (D:8)
  A howler monkey (D:9)
  4 orc priests
  2 hounds
  5 jellies
  8 gnoll boudas
  Jessica (D:2)
  5 iguanas
  5 orc wizards
  Robin (D:2)
  39 gnolls
  7 adders
  2 shadow imps
  A white imp (D:7)
  2 ufetubi (D:4)
  4 worms
  5 dart slugs
  26 orcs
  9 ball pythons
  5 endoplasms
  10 giant cockroaches
  9 goblins
  13 hobgoblins
  5 quokkas
  5 bats
  3 frilled lizards
  9 kobolds
  A rat (D:1)
  A bush (Lair:1)
288 creatures vanquished.

Vanquished Creatures (others)
  2 gnolls (D:7)
  5 fulminant prisms (Lair:1)
  9 fungi
  39 plants
55 creatures vanquished.

Grand Total: 343 creatures vanquished

Notes
Turn   | Place    | Note
-------+----------+-------------------------------------------
     0 | D:1      | Hubris850 the Gnoll Ice Elementalist began the quest for
                  | the Orb.
     0 | D:1      | Reached XP level 1. HP: 13/13 MP: 6/6
   322 | D:1      | Reached XP level 2. HP: 18/19 MP: 7/7
   431 | D:3      | Reached skill level 5 in Spellcasting
   431 | D:3      | Reached skill level 1 in Invocations
   431 | D:3      | Reached XP level 3. HP: 19/25 MP: 5/9
   435 | D:3      | Learned a level 3 spell: Frozen Ramparts
   469 | D:5      | Entered Level 5 of the Dungeon
   513 | D:4      | Reached skill level 1 in Fighting
   513 | D:4      | Reached skill level 1 in Short Blades
   513 | D:4      | Reached skill level 1 in Long Blades
   513 | D:4      | Reached skill level 1 in Axes
   513 | D:4      | Reached skill level 1 in Maces & Flails
   513 | D:4      | Reached skill level 1 in Polearms
   513 | D:4      | Reached skill level 1 in Staves
   513 | D:4      | Reached skill level 1 in Ranged Weapons
   513 | D:4      | Reached skill level 1 in Throwing
   513 | D:4      | Reached skill level 1 in Armour
   513 | D:4      | Reached skill level 1 in Shields
   513 | D:4      | Reached skill level 1 in Unarmed Combat
   513 | D:4      | Reached skill level 1 in Evocations
   566 | D:4      | HP: 1/26 [ufetubus (2)]
   913 | D:4      | Reached skill level 1 in Conjurations
   913 | D:4      | Reached skill level 1 in Hexes
   913 | D:4      | Reached skill level 1 in Summonings
   913 | D:4      | Reached skill level 1 in Necromancy
   913 | D:4      | Reached skill level 1 in Translocations
   913 | D:4      | Reached skill level 1 in Transmutations
   913 | D:4      | Reached skill level 1 in Fire Magic
   913 | D:4      | Reached skill level 1 in Air Magic
   913 | D:4      | Reached skill level 1 in Earth Magic
   913 | D:4      | Reached skill level 1 in Poison Magic
   913 | D:4      | Reached XP level 4. HP: 28/32 MP: 2/11
   978 | D:4      | Reached XP level 5. HP: 21/37 MP: 7/12
  1406 | D:4      | Learned a level 3 spell: Ozocubu's Armour
  1445 | D:4      | Reached XP level 6. HP: 24/44 MP: 9/13
  1597 | D:4      | Reached skill level 5 in Dodging
  1679 | D:4      | Found a stormy altar of Qazlal.
  1681 | D:4      | Found a shimmering altar of Xom.
  1683 | D:4      | Found a basalt altar of Yredelemnul.
  1950 | D:5      | Noticed a steam dragon
  2063 | D:5      | Reached XP level 7. HP: 48/51 MP: 1/15
  2259 | D:6      | Found a staircase to the Ecumenical Temple.
  2269 | D:6      | Reached skill level 5 in Stealth
  2280 | Temple   | Entered the Ecumenical Temple
  2377 | Temple   | Became a worshipper of Ashenzari the Shackled
  2440 | D:6      | Noticed a steam dragon
  2491 | D:6      | Killed a steam dragon
  2492 | D:6      | Reached XP level 8. HP: 41/58 MP: 10/16
  2955 | D:6      | Found an ancient bone altar of Kikubaaqudgha.
  3314 | D:6      | Identified the +1 robe "Dakoot" {Rampage Int+6 Slay-2
                  | Stlth-}
  3869 | D:5      | Reached skill level 6 in Stealth
  4771 | D:3      | Found a white marble altar of Elyvilon.
  5041 | D:3      | Reached * piety under Ashenzari
  5883 | D:2      | Reached ** piety under Ashenzari
  5924 | D:2      | Noticed Jessica
  5933 | D:2      | Killed Jessica
  5976 | D:2      | Found a shimmering blue altar of Sif Muna.
  6084 | D:2      | Noticed Robin
  6100 | D:2      | Killed Robin
  6813 | D:1      | Found a faded altar of an unknown god.
  7434 | D:7      | Reached XP level 9. HP: 65/65 MP: 18/18
  7494 | D:7      | Reached *** piety under Ashenzari
  7624 | D:7      | Identified the ring of Satih {rF+ Will+}
  7802 | D:7      | Noticed a troll
  7812 | D:7      | Killed a troll
  7906 | D:7      | Reached skill level 7 in Stealth
  7906 | D:7      | Reached skill level 5 in Invocations
  8282 | D:8      | Reached skill level 5 in Fighting
  8282 | D:8      | Reached skill level 5 in Short Blades
  8282 | D:8      | Reached skill level 5 in Long Blades
  8282 | D:8      | Reached skill level 5 in Axes
  8282 | D:8      | Reached skill level 5 in Maces & Flails
  8282 | D:8      | Reached skill level 5 in Polearms
  8282 | D:8      | Reached skill level 5 in Staves
  8282 | D:8      | Reached skill level 5 in Ranged Weapons
  8282 | D:8      | Reached skill level 5 in Throwing
  8282 | D:8      | Reached skill level 5 in Armour
  8282 | D:8      | Reached skill level 5 in Shields
  8282 | D:8      | Reached skill level 5 in Unarmed Combat
  8282 | D:8      | Reached skill level 5 in Evocations
  8282 | D:8      | Reached XP level 10. HP: 53/74 MP: 16/20
  8515 | D:7      | Reached **** piety under Ashenzari
  8535 | D:7      | Reached skill level 8 in Stealth
  8754 | D:8      | Found a staircase to the Lair.
  9663 | D:8      | Learned a level 4 spell: Olgreb's Toxic Radiance
  9752 | D:8      | Found an opulent altar of Gozag.
 10053 | D:8      | Found Zetuzi's Book Shop.
 10231 | D:8      | Found a glowing silver altar of Zin.
 10392 | D:8      | Reached ***** piety under Ashenzari
 10443 | D:8      | Identified the +3 ring mail of Jagynn {Str-3 Int+4 Dex+4
                  | SInv}
 10662 | D:9      | Reached skill level 9 in Stealth
 10773 | D:9      | Reached skill level 5 in Conjurations
 10773 | D:9      | Reached skill level 5 in Hexes
 10773 | D:9      | Reached skill level 5 in Summonings
 10773 | D:9      | Reached skill level 5 in Necromancy
 10773 | D:9      | Reached skill level 5 in Translocations
 10773 | D:9      | Reached skill level 5 in Transmutations
 10773 | D:9      | Reached skill level 5 in Fire Magic
 10773 | D:9      | Reached skill level 5 in Air Magic
 10773 | D:9      | Reached skill level 5 in Earth Magic
 10773 | D:9      | Reached skill level 5 in Poison Magic
 10775 | D:9      | Reached XP level 11. HP: 87/87 MP: 9/25
 10880 | D:9      | Found a snail-covered altar of Cheibriados.
 11183 | D:10     | Entered Level 10 of the Dungeon
 11430 | Lair:1   | Entered Level 1 of the Lair of Beasts
 11612 | Lair:1   | Noticed an eight-headed hydra
 11621 | Lair:1   | Killed an eight-headed hydra
 12286 | Lair:1   | Noticed a seven-headed hydra
 12293 | Lair:1   | Learned a level 4 spell: Fulminant Prism
 12310 | Lair:1   | Killed a ten-headed hydra
 12630 | Lair:1   | Learned a level 4 spell: Airstrike
 12643 | Lair:1   | Reached skill level 10 in Stealth
 12826 | Lair:2   | Found a hole to the Spider Nest.
 13127 | Lair:2   | Found a staircase to the Swamp.
 13158 | Lair:2   | Reached XP level 12. HP: 33/96 MP: 25/27
 13301 | Lair:2   | Slain by a komodo dragon

Illustrated notes

Levels and vault maps discovered:
D:1:      nagdon_arrival_double_spiral, layout_loops_corners,
          shapermc_ecumenical_altar_acropolis, chequers_avenue,
          amcnicky_mini_rare_corridor_liquid
D:2:      layout_loops_corners, basic_altar, serial_glass, glass_columns_c,
          glass_columns_a, corexii_shack, minmay_worlds_worst_comb,
          uniq_jessica, uniq_robin
D:3:      layout_basic, mainiacjoe_overflow_tiny_flanked,
          minmay_misc_feat_secret_circle
D:4:      layout_basic, minitemple
D:5:      layout_layer_cave
D:6:      layout_loops_ring, mainiacjoe_overflow_alcove_1,
          minmay_temple_entry_gardened_gates, minmay_manual_moon
D:7:      layout_cave_pods, minmay_checkerbox
D:8:      layout_basic, pdpol_temple_overflow_zin_treasury_gozag_greed,
          minmay_lair_entry_grove, serial_shops, kennysheep_mini,
          minmay_misc_feat_enclosed
D:9:      layout_big_octagon, kennysheep_slug_shrine
D:10:     layout_rooms, fedhas_altar_2, pdpol_wu_jian_five_deadly_venoms,
          statue_in_the_mist_lemuel, uniq_joseph, uniq_nergalle, uniq_urug
Temple:   hellmonk_temple_flake
Lair:1:   layout_cave_pods, infiniplex_staircase_pool_2, grunt_megastairs_3
Lair:2:   layout_gridlike, minmay_swamp_entry_worms, spider_nest_entry_rubble,
          st_stairs_8

Skill      XL: |  1  2  3  4  5  6  7  8  9 10 11 |
---------------+----------------------------------+-----
Spellcasting   | 5 6 7 8 |  8.8
Invocations    | 1 2 3 4 5 6 7 |  7.7
Fighting       | 1 2 3 5 6 7 |  7.1
Short Blades   | 1 2 3 5 6 7 |  7.1
Long Blades    | 1 2 3 5 6 7 |  7.1
Axes           | 1 2 3 5 6 7 |  7.1
Maces & Flails | 1 2 3 5 6 7 |  7.1
Polearms       | 1 2 3 5 6 7 |  7.1
Staves         | 1 2 3 5 6 7 |  7.1
Ranged Weapons | 1 2 3 5 6 7 |  7.1
Throwing       | 1 2 3 5 6 7 |  7.1
Armour         | 1 2 3 5 6 7 |  7.1
Shields        | 1 2 3 5 6 7 |  7.1
Unarmed Combat | 1 2 3 5 6 7 |  7.1
Evocations     | 1 2 3 5 6 7 |  7.1
Conjurations   | 1 2 3 4 5 |  5.9
Hexes          | 1 2 3 4 5 |  5.9
Summonings     | 1 2 3 4 5 |  5.9
Necromancy     | 1 2 3 4 5 |  5.9
Translocations | 1 2 3 4 5 |  5.9
Transmutations | 1 2 3 4 5 |  5.9
Fire Magic     | 1 2 3 4 5 |  5.9
Air Magic      | 1 2 3 4 5 |  5.9
Earth Magic    | 1 2 3 4 5 |  5.9
Poison Magic   | 1 2 3 4 5 |  5.9
Dodging        | 5 6 7 8 |  8.5
Stealth        | 5 6 7 9 10 | 10.4
Ice Magic      | 8 9 |  9.3

Action                   |  1- 3 |  4- 6 |  7- 9 | 10-12 || total
-------------------------+-------+-------+-------+-------++-------
Melee: Whip              |    38 |       |       |       ||    38
       Dagger            |     8 |       |       |       ||     8
       Bite              |     6 |     5 |    24 |    46 ||    81
       Flail             |       |    60 |       |       ||    60
       War axe           |       |     5 |   242 |   300 ||   547
 Fire: Sling             |       |       |     2 |       ||     2
Throw: Dart              |       |       |     6 |     1 ||     7
 Cast: Freeze            |    21 |     1 |       |       ||    22
       Frozen Ramparts   |     1 |    14 |    19 |    13 ||    47
       Ozocubu's Armour  |       |     3 |     3 |     3 ||     9
       Olgreb's Toxic Ra |       |       |       |    13 ||    13
       Fulminant Prism   |       |       |       |     5 ||     5
       Airstrike         |       |       |       |     1 ||     1
Invok: Curse Item        |       |       |     5 |     3 ||     8
Evoke: Wand              |       |       |     1 |     8 ||     9
  Use: Scroll            |       |       |     5 |       ||     5
 Stab: Sleeping          |     3 |       |    19 |     8 ||    30
       Distracted        |       |       |       |     1 ||     1
Armor: Ring mail         |    22 |    19 |       |       ||    41
       Leather armour    |       |     1 |    74 |    68 ||   143
Dodge: Dodged            |    41 |    40 |   136 |   213 ||   430
Block: Buckler           |       |     1 |    71 |    97 ||   169

Table legend: (Time is in decaauts)
 A = Elapsed time spent in this place.
 B = Non-inter-level travel time spent in this place.
 C = Inter-level travel time spent in this place.
 D = Time resting spent in this place.
 E = Time spent auto-exploring this place.
 F = Levels seen in this place.
 G = Mean time per level.
                   A        B        C        D        E       F      G
               +--------+--------+--------+--------+--------+-----+--------+
         Total |  13423 |  12577 |    846 |   2618 |   6373 |  13 | 1032.5 |
       Dungeon |  11433 |  10664 |    769 |   1973 |   5616 |  10 | 1143.3 |
        Temple |    108 |     97 |     11 |      0 |     78 |   1 |  108.0 |
          Lair |   1880 |   1814 |     66 |    645 |    679 |   2 |  940.0 |
               +--------+--------+--------+--------+--------+-----+--------+

Top non-repeatable levels by time:
     D:8: 1660 daAuts
     D:7: 1620 daAuts
     D:3: 1432 daAuts
  Lair:1: 1384 daAuts
     D:4: 1342 daAuts
     D:6: 1325 daAuts
     D:5: 1220 daAuts
     D:2: 1045 daAuts
     D:1: 1044 daAuts
     D:9: 722 daAuts
  Lair:2: 496 daAuts
  Temple: 108 daAuts
    D:10: 19 daAuts
